 Dungeon Sprint DCSS version 0.31-a0-626-g8143ab4f1d (webtiles) character file.

Game seed: 3167993522996831725

505 rocky1 the Carver (level 7, -3/54 HPs)
             Began as a Djinni Gladiator on Aug 25, 2023.
             Was an Initiate of Gozag.
             Slain by a yak (13 damage)
             ... in the Dungeon (Sprint IX: "|||||||||||||||||||||||||||||").
             The game lasted 00:02:43 (739 turns).

rocky1 the Carver (Djinni Gladiator)                 Turns: 739, Time: 00:02:43

Health: -3/54      AC:  4    Str: 13    XL:     7   Next: 41%
Gold:   45         EV: 15    Int: 10    God:    Gozag SH:  0 Dex: 16

rFire   + + .        n - +2 scimitar (holy)
rCold   x . .        (no shield)
rNeg    . . .        b - +0 leather armour
rPois   ∞            c - +0 helmet
rElec   .            (no cloak)
rCorr   .            (no gloves)
SInv    .            (boots unavailable)
Will    .....        (no amulet)
Stlth   +            (no ring)
HPRegen 0.29/turn    (no ring)
MPRegen 0.00/turn

%: no teleportation, infuse magic (-4 HP)
@: gold aura, flying
A: sickness immunity, fire resistance 2, cold vulnerability 1, float, innate
caster, HP casting, extra vitality 1
a: Renounce Religion, Potion Petition, Call Merchant, Bribe Branch


You were in the Dungeon.
You worshipped Gozag.
Gozag was noncommittal.
You visited 1 branch You collected 45 gold pieces.

Inventory:

Hand Weapons
 a - a +0 long sword
 n - a +2 scimitar of holy wrath (weapon)
Missiles
 d - 3 throwing nets (quivered)
 e - a javelin
Armour
 b - a +0 leather armour (worn)
 c - a +0 helmet (worn)
 o - a +0 plate armour
Jewellery
 l - a +3 ring of intelligence
 m - a +3 ring of intelligence
Wands
 k - a wand of iceblast (4)
Potions
 f - 3 potions of curing
 g - a potion of heal wounds
 h - a potion of invisibility
 i - a potion of berserk rage


   Skills:
 + Level 5.6 Fighting
 * Level 9.9 Long Blades
 + Level 2.8 Throwing
 + Level 3.7 Armour
 + Level 7.8 Dodging
 * Level 2.8 Spellcasting
 * Level 2.8 Conjurations
 * Level 2.8 Hexes
 * Level 2.8 Summonings
 * Level 2.8 Necromancy
 * Level 2.8 Translocations
 * Level 2.8 Transmutations
 * Level 2.8 Fire Magic
 * Level 2.8 Ice Magic
 * Level 2.8 Air Magic
 * Level 2.8 Earth Magic
 * Level 2.8 Poison Magic
 - Level 1.5 Evocations


You knew the following spells:

 Your Spells              Type           Power      Damage    Failure   Level
a - Apportation           Tloc           14%        N/A       11%         1
b - Wereblood             Tmut           7%         N/A       17%         2
c - Portal Projectile     Hex/Tloc       14%        N/A       32%         3
Your spell library was empty.

Dungeon Overview and Level Annotations

Branches:
Dungeon (1/1)

Altars:
Cheibriados
Dithmenos
Elyvilon
Fedhas
Gozag
Hepliaklqana
Makhleb
Nemelex Xobeh
Okawaru
Qazlal
Ru
Trog
Uskayaw
Wu Jian
Xom
Yredelemnul
Zin
The Shining One
Jiyva
Lugonu


Innate Abilities, Weirdness & Mutations

You are immune to sickness and miasma.
You are immune to poison.
Your flesh is very heat resistant. (rF++)
You are vulnerable to cold. (rC-)
You float through the air rather than walking.
You learn spells naturally, not from books.
Your magical power is your life essence.
You have superior vitality. (+4 MHP)


Message History

The yak gores you!
You barely miss the yak.
The yak is moderately wounded.
The yak gores you.
You barely miss the yak.
The yak is moderately wounded.
The yak gores you but does no damage.
You slash the yak!
The yak is severely wounded.
The yak closely misses you.
You slash the yak!
You kill the yak!
You hit the yak.
The yak is lightly wounded.
The yak gores you!
* * * LOW HITPOINT WARNING * * *
You hit the yak but do no damage.
The yak is lightly wounded.
The yak barely misses you.
You hit the yak but do no damage.
The yak is lightly wounded.
The yak closely misses you.
You slash the yak!
The yak is moderately wounded.
The yak is distracted by your dazzling golden aura.
You barely miss the yak.
The yak is no longer distracted by gold.
The yak bellows!
The yak is moderately wounded.
You barely miss the yak.
The yak is moderately wounded.
The yak misses you.
You hit the yak but do no damage.
The yak is moderately wounded.
The yak misses you.
You hit the yak but do no damage.
The yak is moderately wounded.
The yak gores you!
You die...
Your body crumbles into a pile of gold. ▓▓▓▓▓▓▓▓▓▓▓▓▓▓▓▓▓▓▓▓▓▓▓▓▓▓▓▓▓▓▓▓▓ ________________@Y'!?)$[DYg.'.{Yg ▓▓▓▓▓▓▓▓▓▓▓▓▓▓▓▓▓▓▓▓▓▓▓▓▓▓▓▓▓▓▓▓▓

You could see a yak.

Vanquished Creatures
  A vampire (D)
  A yak (D)
  An orc warrior (D)
  A phantom (D)
  A jelly (D)
  An adder (D)
  An ufetubus (D)
  An orc (D)
  A bat (D)
  2 goblins (D)
  A hobgoblin (D)
  A frilled lizard (D)
13 creatures vanquished.

Notes
Turn   | Place    | Note
-------+----------+-------------------------------------------
     0 | D        | rocky1 the Djinni Gladiator began the quest for the Orb.
     0 | D        | Reached XP level 1. HP: 18/18 MP: 0/0
    12 | D        | Reached skill level 3 in Long Blades
   123 | D        | Noticed a phantom
   123 | D        | Noticed a jelly
   127 | D        | Reached XP level 2. HP: 24/24 MP: 0/0
   137 | D        | Killed a phantom
   138 | D        | Reached skill level 5 in Long Blades
   138 | D        | Reached skill level 5 in Dodging
   138 | D        | Reached XP level 3. HP: 22/30 MP: 0/0
   138 | D        | Learned a level 1 spell: Apportation
   138 | D        | Reached XP level 4. HP: 26/35 MP: 0/0
   142 | D        | Reached skill level 6 in Long Blades
   142 | D        | Reached XP level 5. HP: 26/41 MP: 0/0
   142 | D        | Learned a level 2 spell: Wereblood
   420 | D        | Found a snail-covered altar of Cheibriados.
   420 | D        | Found a shadowy altar of Dithmenos.
   420 | D        | Found a white marble altar of Elyvilon.
   420 | D        | Found a blossoming altar of Fedhas.
   420 | D        | Found an opulent altar of Gozag.
   421 | D        | Found a hazy altar of Hepliaklqana.
   422 | D        | Found a viscous altar of Jiyva.
   424 | D        | Found a corrupted altar of Lugonu.
   425 | D        | Found a burning altar of Makhleb.
   426 | D        | Found a sparkling altar of Nemelex Xobeh.
   427 | D        | Found an iron altar of Okawaru.
   428 | D        | Found a stormy altar of Qazlal.
   430 | D        | Became a worshipper of Gozag Ym Sagoz the Greedy
   432 | D        | Found a sacrificial altar of Ru.
   434 | D        | Found a bloodstained altar of Trog.
   435 | D        | Found a hide-covered altar of Uskayaw.
   437 | D        | Found an ornate altar of the Wu Jian Council.
   438 | D        | Found a shimmering altar of Xom.
   439 | D        | Found a basalt altar of Yredelemnul.
   440 | D        | Found a glowing silver altar of Zin.
   441 | D        | Found a glowing golden altar of the Shining One.
   582 | D        | Noticed an orc warrior
   582 | D        | Noticed a vampire
   582 | D        | Noticed a yak
   582 | D        | Noticed an acid dragon
   582 | D        | Noticed a yak
   591 | D        | Killed an orc warrior
   592 | D        | Reached skill level 7 in Long Blades
   592 | D        | Reached skill level 1 in Armour
   592 | D        | Reached skill level 1 in Spellcasting
   592 | D        | Reached skill level 1 in Conjurations
   592 | D        | Reached skill level 1 in Hexes
   592 | D        | Reached skill level 1 in Summonings
   592 | D        | Reached skill level 1 in Necromancy
   592 | D        | Reached skill level 1 in Translocations
   592 | D        | Reached skill level 1 in Transmutations
   592 | D        | Reached skill level 1 in Fire Magic
   592 | D        | Reached skill level 1 in Ice Magic
   592 | D        | Reached skill level 1 in Air Magic
   592 | D        | Reached skill level 1 in Earth Magic
   592 | D        | Reached skill level 1 in Poison Magic
   592 | D        | Reached skill level 1 in Evocations
   592 | D        | Reached XP level 6. HP: 36/48 MP: 0/0
   700 | D        | Killed a vampire
   701 | D        | Reached skill level 5 in Fighting
   701 | D        | Reached skill level 9 in Long Blades
   701 | D        | Reached XP level 7. HP: 36/54 MP: 0/0
   701 | D        | Learned a level 3 spell: Portal Projectile
   731 | D        | Killed a yak
   739 | D        | Slain by a yak

Illustrated notes

Levels and vault maps discovered:
D:        linesprint [early_d, line_temple, items_1, d_10, items_2, lair_1,
          lair_end, items_3, orc_1, orc_end, items_4, d_15, swamp_1, shoals_1,
          snake_1, spider_1, d_20, vaults_1, items_5, swamp_end, shoals_end,
          snake_end, spider_end, vaults_end, d_27, items_6, zot_1, zot_end,
          crypt_end, forest_end, elf_end, slime_end, tomb_end, abyss_end,
          pan_hell_end]

Skill      XL: |  1  2  3  4  5  6 |
---------------+-------------------+-----
Long Blades    | 3 5 6 7 9 |  9.9
Dodging        | 4 5 6 7 |  7.8
Fighting       | 3 4 5 |  5.6
Throwing       | 2 |  2.8
Armour         | 1 3 |  3.7
Spellcasting   | 1 2 |  2.8
Conjurations   | 1 2 |  2.8
Hexes          | 1 2 |  2.8
Summonings     | 1 2 |  2.8
Necromancy     | 1 2 |  2.8
Translocations | 1 2 |  2.8
Transmutations | 1 2 |  2.8
Fire Magic     | 1 2 |  2.8
Ice Magic      | 1 2 |  2.8
Air Magic      | 1 2 |  2.8
Earth Magic    | 1 2 |  2.8
Poison Magic   | 1 2 |  2.8
Evocations     | 1 |  1.5

Action                     |  1- 3 |  4- 6 |  7- 9 || total
---------------------------+-------+-------+-------++-------
  Melee: Long sword        |    25 |    19 |       ||    44
         Scimitar          |       |    16 |    14 ||    30
  Evoke: Wand              |       |     6 |       ||     6
    Use: Potion            |     1 |     4 |       ||     5
         Scroll            |       |     2 |       ||     2
 Armour: Leather armour    |     5 |     3 |     1 ||     9
  Dodge: Dodged            |    17 |    27 |     6 ||    50

Table legend: (Time is in decaauts)
 A = Elapsed time spent in this place.
 B = Non-inter-level travel time spent in this place.
 C = Inter-level travel time spent in this place.
 D = Time resting spent in this place.
 E = Time spent auto-exploring this place.
 F = Levels seen in this place.
 G = Mean time per level.
                   A        B        C        D        E       F      G
               +--------+--------+--------+--------+--------+-----+--------+
         Total |    728 |    728 |      0 |    411 |      0 |   1 |  728.0 |
       Dungeon |    728 |    728 |      0 |    411 |      0 |   1 |  728.0 |
               +--------+--------+--------+--------+--------+-----+--------+

Top non-repeatable levels by time:
       D: 728 daAuts
